 Dungeon Crawl Stone Soup version 0.26-a0-466-g989023bd0d (webtiles) character file.

Game seed: 16295045330730129669

112 sking99 the Vexing (level 4, -1/42 HPs)
             Began as an Ogre Enchanter on Aug 8, 2020.
             Slain by a gnoll
             ... wielding a +0 spear
              (8 damage)
             ... on level 2 of the Dungeon.
             The game lasted 00:04:50 (2617 turns).

sking99 the Vexing (Ogre Enchanter)                 Turns: 2617, Time: 00:04:51

Health: -1/42      AC:  3    Str: 12    XL:     4   Next: 95%
Magic:  4/8        EV: 10    Int: 16    God:
Gold:   111        SH:  0    Dex: 10    Spells: 6/9 levels left

rFire    . . .     SeeInvis .   a - +1 dagger
rCold    . . .     Faith    .   (no shield)
rNeg     . . .     Spirit   .   b - +0 robe
rPois    .         Reflect  .   h - +0 hat
rElec    .         Harm     .   (no cloak)
rCorr    .                      (gloves unavailable)
MR       .....                  (boots unavailable)
Stlth    ++........             (no amulet)
HPRegen  0.14/turn              (no ring)
MPRegen  0.11/turn              (no ring)

@: no status effects
A: large, unfitting armour, tough skin 1
a: no special abilities


You were on level 2 of the Dungeon.
You visited 1 branch of the dungeon, and saw 2 of its levels.

You collected 111 gold pieces.

Inventory:

Hand Weapons
 a - a +1 dagger (weapon)
 p - a +2 whip of electrocution
Armour
 b - a +0 robe (worn)
 h - a +0 hat (worn)
Jewellery
 m - an uncursed ring of protection from cold {unknown}
 o - an uncursed ring of ice {unknown}
 r - a +4 ring of evasion {unknown}
Scrolls
 c - a scroll of teleportation {unknown}
 e - a scroll of immolation {unknown}
 f - a scroll of fear {unknown}
 g - a scroll of amnesia {unknown}
 i - a scroll of enchant armour {unknown}
 l - 4 scrolls of identify {unknown}
 n - a scroll of noise {unknown}
 q - a scroll of magic mapping {unknown}
Potions
 d - 3 potions of brilliance {unknown}
 j - a potion of magic {unknown}
 k - a potion of curing {unknown}


   Skills:
 + Level 2.1 Fighting
 * Level 2.4 Short Blades
 - Level 1.7 Dodging
 + Level 2.6 Stealth
 - Level 3.0 Spellcasting
 + Level 3.2 Hexes


You had 6 spell levels left.
You knew the following spells:

 Your Spells              Type           Power        Failure   Level
a - Corona                Hex            ##.....      4%          1
b - Ensorcelled Hibernat  Hex/Ice        #.....       14%         2

Your spell library contained the following spells:

 Spells                   Type           Power        Failure   Level
 Confusing Touch          Hex            ##......     14%         3
 Tukima's Dance           Hex            ##......     14%         3
 Dazzling Flash           Conj/Hex       #.....       28%         3


Dungeon Overview and Level Annotations

Branches:
Dungeon (2/15)

Altars:


Innate Abilities, Weirdness & Mutations

You are too large for most types of armour.
You have tough skin. (AC +1)


Message History

The gnoll hits you from afar with a +0 spear.
The gnoll hits you with a cursed -3 spear.
The gnoll hits you with a +0 spear.
You hit the gnoll.
You kill the gnoll!
The gnoll hits you but does no damage.
You hit the gnoll.
The gnoll is moderately wounded.
The gnoll hits you with a +0 spear.
You hit the gnoll.
The gnoll is heavily wounded.
The gnoll hits you with a +0 spear!
* * * LOW HITPOINT WARNING * * *
You hit the gnoll.
The gnoll is heavily wounded.
The gnoll hits you but does no damage.
You closely miss the gnoll.
The gnoll is heavily wounded.
The gnoll hits you with a +0 spear!
You die...

#...>.......####..#.# #
#...........#.......#.#
#........................
#.########.......<.......
#.#......<...............
####.....#.###.#..........#.
..........#.###)###.....##.#
.................)........>#
......#...#.....@.....#.##..
....#...#.....g(......# .
........#.....###....... ..
#.#.........# #.######
...##..†........# #..
................# ####
...##.....#####.#
...##.....).....#
......g...#####+#


You could see a gnoll.

Vanquished Creatures
  An adder (D:2)
  4 gnolls
  2 oozes
  3 dart slugs
  A worm (D:2)
  4 giant cockroaches (D:1)
  5 goblins (D:1)
  4 hobgoblins
  4 jackals (D:1)
  8 kobolds
  2 ball pythons (D:1)
  4 bats (D:1)
  A frilled lizard (D:1)
  2 rats
45 creatures vanquished.

Notes
Turn   | Place    | Note
-------+----------+-------------------------------------------
     0 | D:1      | sking99 the Ogre Enchanter began the quest for the Orb.
     0 | D:1      | Reached XP level 1. HP: 16/16 MP: 3/3
    61 | D:1      | Reached skill level 1 in Short Blades
   178 | D:1      | Reached XP level 2. HP: 14/26 MP: 3/5
   458 | D:1      | Reached skill level 1 in Fighting
   476 | D:1      | Reached XP level 3. HP: 12/33 MP: 7/7
   932 | D:1      | Learned a level 2 spell: Ensorcelled Hibernation
  1740 | D:2      | Reached XP level 4. HP: 41/41 MP: 8/8
  2617 | D:2      | Slain by a gnoll

Illustrated notes

Levels and vault maps discovered:
D:1:      shiori_arrival_maze, layout_loops_ring, amethyst_killhole,
          minmay_hexomino_c4
D:2:      layout_basic, minmay_misc_feat_rugged, uniq_jessica

Skill      XL: |  1  2  3  4 |
---------------+-------------+-----
Short Blades   | 1 2 |  2.4
Fighting       | 1 2 |  2.1
Hexes          | 3 |  3.2
Spellcasting   | 3 |  3.0
Dodging        | |  1.7
Stealth        | |  2.6

Action                   |  1- 3 |  4- 6 || total
-------------------------+-------+-------++-------
Melee: Dagger            |   147 |    39 ||   186
 Cast: Corona            |     2 |       ||     2
       Ensorcelled Hiber |     6 |    19 ||    25
 Stab: Sleeping          |     4 |     9 ||    13
Armor: Robe              |    50 |     9 ||    59
Dodge: Dodged            |    72 |    25 ||    97

Table legend: (Time is in decaauts)
 A = Elapsed time spent in this place.
 B = Non-inter-level travel time spent in this place.
 C = Inter-level travel time spent in this place.
 D = Time resting spent in this place.
 E = Time spent auto-exploring this place.
 F = Levels seen in this place.
 G = Mean time per level.
                   A        B        C        D        E       F      G
               +--------+--------+--------+--------+--------+-----+--------+
         Total |   2603 |   2594 |      9 |   1659 |    469 |   2 | 1301.5 |
       Dungeon |   2603 |   2594 |      9 |   1659 |    469 |   2 | 1301.5 |
               +--------+--------+--------+--------+--------+-----+--------+

Top non-repeatable levels by time:
     D:1: 2232 daAuts
     D:2: 370 daAuts
